 Dungeon Crawl Stone Soup version 0.22-a0-265-g0d8bc90 (webtiles) character file.

5647 Amnesiac the Eclecticist (level 10, -9/46 HPs)
             Began as a Spriggan Warper on Mar 7, 2018.
             Was a High Priest of Sif Muna.
             Mangled by a two-headed ogre
             ... wielding a +0 giant club
              (27 damage)
             ... on level 7 of the Dungeon.
             The game lasted 00:33:14 (11489 turns).

Amnesiac the Eclecticist (Spriggan Warper)         Turns: 11489, Time: 00:33:16

Health: -9/46      AC:  4    Str:  7    XL:     10   Next: 46%
Magic:  24/32      EV: 18    Int: 18    God:    Sif Muna [*****.]
Gold:   354        SH:  5    Dex: 16    Spells: 20/43 levels left

rFire    . . .     SeeInvis +   a - +2 dagger (venom)
rCold    . . .     Gourm    .   y - +0 buckler
rNeg     . . .     Faith    .   m - +0 robe
rPois    .         Spirit   .   u - +2 hat
rElec    .         Reflect  .   (no cloak)
rCorr    .         Harm     .   (gloves unavailable)
MR       +....                  (boots unavailable)
Stlth    +.........             (no amulet)
HPRegen  1.15/turn              p - ring of wizardry
MPRegen  0.23/turn              (no ring)

@: very slightly contaminated, regenerating (expiring), divine energy, very
quick
A: very small, unfitting armour, see invisible, herbivore, speed 3, slow
metabolism 2
a: Stop Divine Energy, Channel Magic, Forget Spell, Renounce Religion


You were on level 7 of the Dungeon.
You worshipped Sif Muna.
Sif Muna was extremely pleased with you.
You were not hungry.

You visited 1 branch of the dungeon, and saw 8 of its levels.
You also visited: Ossuary.

You collected 354 gold pieces.

Inventory:

Hand Weapons
 a - a +2 dagger of venom (weapon)
 b - the +5 short sword "Loilaak" {pierce, Int+5 SInv}
   (You found it on level 4 of the Dungeon)

   It inflicts extra damage upon your enemies.
   It affects your intelligence (+5).
   It lets you see invisible.
Missiles
 e - 12 tomahawks of dispersal
 n - 46 poisoned needles
 r - 2 tomahawks (quivered)
Armour
 m - a +0 robe (worn)
 u - a +2 hat (worn)
 y - a +0 buckler (worn)
Jewellery
 p - a ring of wizardry (left hand)
 D - an uncursed ring of poison resistance {unknown}
Wands
 g - a wand of flame (24)
 l - a wand of clouds (5)
Scrolls
 d - 3 scrolls of blinking {!r}
 h - 5 scrolls of remove curse {!r}
 i - 2 scrolls of immolation {!r, unknown}
 q - a scroll of magic mapping {!r, unknown}
 s - 3 scrolls of identify {!r}
 w - a scroll of random uselessness {!r, unknown}
 x - 4 scrolls of enchant weapon {!r, unknown}
 C - 2 scrolls of teleportation {!r}
Potions
 c - a potion of mutation {!q}
 j - 3 potions of curing {!q}
 k - a potion of haste {!q}
 o - 3 potions of flight {!q}
 t - 3 potions of might {!q}
 v - 3 potions of berserk rage {!q}
 z - 2 potions of brilliance {!q}
 B - a potion of lignification {!q, unknown}
 E - a potion of invisibility {!q, unknown}
Comestibles
 f - 5 rations


   Skills:
 - Level 1.5 Fighting
 - Level 2.1 Short Blades
 - Level 1.0 Throwing
 - Level 3.5 Dodging
 + Level 17.4 Spellcasting
 - Level 4.4 Translocations


You had 20 spell levels left.
You knew the following spells:

 Your Spells              Type           Power        Failure   Level  Hunger
a - Gell's Gravitas       Tloc           ####......   1%          3    None
b - Shroud of Golubria    Chrm/Tloc      ###.......   1%          2    None
c - Passage of Golubria   Tloc           N/A          4%          4    None
d - Lesser Beckoning      Tloc           ####......   1%          3    None
e - Spectral Weapon       Hex/Chrm       ###.....     8%          3    None
r - Regeneration          Chrm/Necr      ###.......   8%          3    None
v - Blink                 Tloc           N/A          1%          2    None
z - Teleport Other        Tloc           ####....     1%          3    None


Dungeon Overview and Level Annotations

Branches:
Dungeon (8/15)             Temple (0/1) D:6            Lair (0/6) D:8

Altars:
Ashenzari
Fedhas
Kikubaaqudgha
Okawaru
Sif Muna
Trog
Uskayaw
Xom
Zin
The Shining One

Shops:
D:4 %

Annotations:
D:2 exclusion: door, Crazy Yiuf
D:8 exclusion: manticore


Innate Abilities, Weirdness & Mutations

You are very small and have problems with some larger weapons.
You are too small for most types of armour.
You have supernaturally acute eyesight. (SInv)
You are a herbivore.
You cover ground extremely quickly.
You need to consume almost no food.


Message History

What are your orders? t - Shout!
Orders for allies: a - Attack new target. r - Retreat! s - Stop attacking. g - Guard the area. f - Follow me.
Anything else - Cancel.
You shout for attention!
You hear two shouts!
There is a stone staircase leading down here.
What are your orders? t - Shout!
Orders for allies: a - Attack new target. r - Retreat! s - Stop attacking. g - Guard the area. f - Follow me.
Anything else - Cancel.
You shout for attention!
You hear two shouts!
Your +2 dagger of venom begins to drip with poison!
a - a +2 dagger of venom (weapon)
The two-headed ogre shouts in stereo!
What are your orders? t - Shout!
Orders for allies: a - Attack new target. r - Retreat! s - Stop attacking. g - Guard the area. f - Follow me.
Anything else - Cancel.
Okay, then.
Casting: Regeneration (safe; 8% risk of failure)
Confirm with . or Enter, or press ? or * to list all spells.
You miscast Shroud of Golubria.
You are very lightly contaminated with residual magic.
Multicoloured lights dance before your eyes!
Casting: Shroud of Golubria (safe; 1% risk of failure)
Confirm with . or Enter, or press ? or * to list all spells.
Space distorts slightly along a thin shroud covering your body.
Casting: Shroud of Golubria (safe; 1% risk of failure)
Confirm with . or Enter, or press ? or * to list all spells.
Your skin crawls.
Casting: Regeneration (safe; 8% risk of failure)
Confirm with . or Enter, or press ? or * to list all spells.
You draw out your weapon's spirit!
You hit the two-headed ogre.
The two-headed ogre is lightly wounded.
The two-headed ogre is poisoned.
You block the two-headed ogre's attack. The two-headed ogre misses you.
You hit the two-headed ogre.
The two-headed ogre looks even sicker.
The two-headed ogre is lightly wounded.
The two-headed ogre looks as sick as possible!
The two-headed ogre hits you with a giant club!
The two-headed ogre misses you.
You hit the two-headed ogre but do no damage.
The two-headed ogre looks as sick as possible!
The two-headed ogre is lightly wounded.
The two-headed ogre looks as sick as possible!
You completely miss the two-headed ogre.
The two-headed ogre is moderately wounded.
Your skin is crawling a little less now.
The two-headed ogre hits you with a giant club!!
* * * LOW HITPOINT WARNING * * *
The two-headed ogre misses you.
You hit the two-headed ogre.
The two-headed ogre is moderately wounded.
The two-headed ogre looks as sick as possible!
The two-headed ogre hits you with a giant club!!
Ouch! That really hurt!
You die...

####
#.##.##.##.......###.....#.
#.......##...#....)........
#.##.##O##...##..###.....##
#.##..#<##.......# ##...##
#.###.#>#........# ##.##
#.###.#.#.......## ##.##
#.......#.......#####)#)#
##........(.........##.##
#.##.##.O@.........##.##
#.##.##..............#.#
#.##.##............##.##
#.##.##.######.....####
#.......########.###
####.####...####.#
#.###.#.......#
#.##....#.##### #.....###.#


You could see a two-headed ogre and a friendly spectral dagger of venom.

Vanquished Creatures
  A two-headed ogre (D:8)
  A hornet (D:8)
  Prince Ribbit (D:7)
  A hippogriff (D:8)
  Sigmund (D:5)
  4 yaks (D:8)
  A hungry ghost (D:7)
  2 porcupines (D:7)
  An ice beast (D:8)
  2 orc warriors (D:7)
  A black bear (D:7)
  A phantom (D:7)
  2 sky beasts
  7 ogres
  2 crocodiles
  4 centaurs
  A big kobold (D:7)
  2 bullfrogs
  2 water moccasin zombies (Ossuary)
  2 scorpions (D:7)
  3 howler monkeys (D:8)
  4 electric eels (D:7)
  6 crimson imps
  A bullfrog zombie (D:5)
  3 hounds
  3 orc priests
  A bullfrog skeleton (D:7)
  A centaur skeleton (D:4)
  4 iguanas
  Ijyb (D:5)
  3 orc wizards (D:7)
  5 worker ants
  3 big kobold zombies (Ossuary)
  2 mummies (Ossuary)
  4 gnolls (D:7)
  3 adders
  A shadow imp (D:5)
  2 oozes
  2 adder skeletons
  4 adder zombies
  4 worms
  2 dart slugs
  2 leopard geckos
  9 orcs
  5 bats
  3 giant cockroaches
  3 gnoll zombies (Ossuary)
  5 goblins
  5 hobgoblins
  9 jackals
  3 quokkas
  10 frilled lizards
  6 hobgoblin zombies (Ossuary)
  9 kobolds
  2 kobold zombies (Ossuary)
  3 orc zombies (Ossuary)
  A quokka skeleton (D:6)
  A quokka zombie (D:5)
  3 rats
180 creatures vanquished.

Vanquished Creatures (others)
  2 fungi (D:8)
  5 plants (D:8)
7 creatures vanquished.

Grand Total: 187 creatures vanquished

Notes
Turn   | Place    | Note
-------+----------+-------------------------------------------
     0 | D:1      | Amnesiac the Spriggan Warper began the quest for the Orb.
     0 | D:1      | Reached XP level 1. HP: 10/10 MP: 5/5
   103 | D:2      | Reached skill level 3 in Spellcasting
   260 | D:2      | Found a glowing silver altar of Zin.
   276 | D:3      | Found a deep blue altar of Sif Muna.
   293 | D:3      | Reached XP level 2. HP: 12/14 MP: 7/7
   297 | D:3      | Learned a level 2 spell: Blink
   300 | D:3      | Learned a level 2 spell: Shroud of Golubria
   394 | D:2      | Found a shimmering altar of Xom.
   505 | D:3      | Noticed a bullfrog
   705 | D:3      | Reached skill level 4 in Spellcasting
  1124 | D:4      | Reached XP level 3. HP: 17/18 MP: 7/10
  1131 | D:4      | Learned a level 3 spell: Gell's Gravitas
  1135 | D:4      | Learned a level 3 spell: Teleport Other
  1188 | D:3      | Became a worshipper of Sif Muna the Loreminder
  1218 | D:4      | Got a slimy short sword
  1221 | D:4      | Identified the +5 short sword "Loilaak" {pierce, Int+5 SInv} (You found it on level 4 of the Dungeon)
  1244 | D:4      | Noticed an ogre
  1485 | D:1      | Reached skill level 5 in Spellcasting
  2120 | D:2      | Found a blossoming altar of Fedhas.
  2222 | D:2      | Reached XP level 4. HP: 22/22 MP: 9/12
  2310 | D:2      | Killed a bullfrog
  2310 | D:2      | Reached skill level 6 in Spellcasting
  2540 | D:2      | Found a runed door.
  2549 | D:2      | Learned a level 4 spell: Passage of Golubria
  2549 | D:2      | Noticed Crazy Yiuf
  2670 | D:3      | Reached XP level 5. HP: 25/25 MP: 12/14
  2831 | D:4      | Killed an ogre
  2831 | D:4      | Reached skill level 7 in Spellcasting
  2849 | D:4      | Learned a level 3 spell: Lesser Beckoning
  2873 | D:4      | Reached * piety under Sif Muna
  2873 | D:4      | Reached XP level 6. HP: 30/30 MP: 15/17
  3057 | D:4      | Found Moddac's Food Boutique.
  3067 | D:4      | Reached skill level 8 in Spellcasting
  3193 | D:4      | Found a glowing golden altar of the Shining One.
  3379 | D:5      | Entered Level 5 of the Dungeon
  3384 | D:5      | Reached skill level 9 in Spellcasting
  3395 | D:5      | Reached XP level 7. HP: 19/33 MP: 17/20
  3721 | D:5      | Found a shattered altar of Ashenzari.
  3892 | D:5      | Reached skill level 10 in Spellcasting
  3954 | D:5      | Reached ** piety under Sif Muna
  4150 | D:5      | Reached skill level 11 in Spellcasting
  4154 | D:5      | Noticed Sigmund
  4273 | D:5      | Killed Sigmund
  4273 | D:5      | Reached XP level 8. HP: 28/37 MP: 20/24
  4371 | D:5      | Noticed Ijyb
  4388 | D:5      | Killed Ijyb
  4662 | D:5      | Reached skill level 12 in Spellcasting
  4864 | D:6      | Found a sand-covered staircase.
  4871 | Ossuary  | Entered an ossuary
  5658 | D:6      | Found an iron altar of Okawaru.
  5659 | D:6      | Found an ancient bone altar of Kikubaaqudgha.
  5732 | D:6      | Reached *** piety under Sif Muna
  5733 | D:6      | Reached skill level 13 in Spellcasting
  5970 | D:6      | Found a staircase to the Ecumenical Temple.
  6021 | D:6      | Reached XP level 9. HP: 41/41 MP: 3/27
  6408 | D:7      | Noticed Prince Ribbit
  6741 | D:7      | Reached skill level 14 in Spellcasting
  7097 | D:7      | Reached **** piety under Sif Muna
  7737 | D:7      | Reached skill level 15 in Spellcasting
  8192 | D:7      | Killed Prince Ribbit
  8237 | D:8      | Found a staircase to the Lair.
  8607 | D:8      | Found a bloodstained altar of Trog.
  9284 | D:8      | Noticed a two-headed ogre
  9523 | D:8      | Noticed a two-headed ogre
  9533 | D:7      | Reached skill level 16 in Spellcasting
  9589 | D:8      | Reached XP level 10. HP: 19/46 MP: 31/31
  9777 | D:8      | Noticed a manticore
 10104 | D:7      | Reached ***** piety under Sif Muna
 10812 | D:8      | Found a hide-covered altar of Uskayaw.
 10813 | D:8      | Noticed a dagger
 10813 | D:8      | Noticed a dagger
 10853 | D:8      | Identified Abeycaci's Incunabulum of Lightness and Enhancements (Sif Muna gifted it to you on level 8 of the Dungeon)
 10853 | D:8      | Received a gift from Sif Muna
 10887 | D:8      | Learned a level 3 spell: Regeneration
 10891 | D:8      | Learned a level 3 spell: Spectral Weapon
 10999 | D:8      | Killed a two-headed ogre
 10999 | D:8      | Reached skill level 17 in Spellcasting
 11489 | D:7      | Mangled by a two-headed ogre

Vault maps used:
D:1:      mushboom_english_gardens, grunt_decor_arrowhead, serial_bayou_lagoon_b
D:2:      cheibrodos_old_hovel, xom_teletrap_fun,
          nicolae_overflow_crystal_walls, lemuel_doored_altar,
          uniq_crazy_yiuf_cottage
D:3:      nicolae_overflow_hidden_temple
D:4:      tso_oasis_becter, serial_shops, shop_fountains
D:5:      cheibrodos_quashed, overflow_temple_1_default, first_ration,
          uniq_sigmund, uniq_ijyb
D:6:      gammafunk_temple_overflow_pools, temple_statues,
          chequers_ossuary_entry_cave
D:7:      chequers_big_river, uniq_prince_ribbit1
D:8:      overflow_temple_1_default, kennysheep_mini_moat,
          dancing_weapons_uskayaw, minmay_lair_entry_grove, serial_shops,
          nicolae_shop_statue_plus, minmay_misc_feat_ornament
Ossuary:  ossuary_tomb_2

Skill      XL: |  1  2  3  4  5  6  7  8  9 10 |
---------------+-------------------------------+-----
Spellcasting   | 3 4 5 6 7 9 11 13 16 17 | 17.4
Fighting       | |  1.5
Short Blades   | |  2.1
Throwing       | |  1.0
Dodging        | |  3.5
Translocations | |  4.4

Action                   |  1- 3 |  4- 6 |  7- 9 | 10-12 || total
-------------------------+-------+-------+-------+-------++-------
Melee: Short sword       |   187 |    20 |   116 |     3 ||   326
       Dagger            |       |    50 |   333 |   105 ||   488
Throw: Tomahawk          |       |       |       |     4 ||     4
 Cast: Shroud of Golubri |    25 |     8 |    40 |    11 ||    84
       Gell's Gravitas   |       |     1 |    62 |    22 ||    85
       Teleport Other    |       |     2 |       |       ||     2
       Regeneration      |       |       |       |    10 ||    10
       Spectral Weapon   |       |       |       |     4 ||     4
Invok: Divine Energy     |       |     1 |       |       ||     1
Evoke: Wand              |       |       |    11 |       ||    11
  Use: Scroll            |       |       |     9 |     2 ||    11
       Potion            |       |       |     1 |     2 ||     3
 Stab: Sleeping          |     3 |       |     1 |       ||     4
  Eat: Ration            |       |     1 |     5 |     2 ||     8
Armor: Robe              |     7 |     5 |    34 |    10 ||    56
Dodge: Dodged            |   149 |    62 |   314 |    71 ||   596
Block: Buckler           |       |       |    62 |    21 ||    83

Table legend:
 A = Spawn XP
 B = Non-spawn XP
 C = Spawn XP percentage of total XP
 D = Spawn monster count
 E = Non-spawn monster count
 F = Spawn count percentage of total count
 G = Total turns spent on level
                    A         B        C        D         E        F      G
               +---------+---------+-------+---------+---------+-------+---------
         Total |       0 |    8068 |   0.0 |       0 |     178 |   0.0 | 11489
               +---------+---------+-------+---------+---------+-------+---------
           D:1 |       0 |      35 |   0.0 |       0 |      17 |   0.0 |   550
           D:2 |       0 |     116 |   0.0 |       0 |      12 |   0.0 |  1216
           D:3 |       0 |      36 |   0.0 |       0 |      19 |   0.0 |   861
           D:4 |       0 |     382 |   0.0 |       0 |      10 |   0.0 |  1007
           D:5 |       0 |    1262 |   0.0 |       0 |      22 |   0.0 |  1044
           D:6 |       0 |     699 |   0.0 |       0 |      19 |   0.0 |   975
           D:7 |       0 |    2256 |   0.0 |       0 |      37 |   0.0 |  3901
           D:8 |       0 |    2995 |   0.0 |       0 |      20 |   0.0 |  1191
       Ossuary |       0 |     287 |   0.0 |       0 |      22 |   0.0 |   744
               +---------+---------+-------+---------+---------+-------+---------
